 Dungeon Crawl Stone Soup version 0.22.1-2-g9c5b331383 (webtiles) character file.

17088 Gargoyl the Cleaver (level 12, -6/101 HPs)
             Began as a Centaur Abyssal Knight on Dec 13, 2018.
             Was an Elder of Lugonu.
             Mangled by Sonja
             ... wielding a +2 short sword of distortion
              (18 damage)
             ... on level 2 of the Lair of Beasts on Dec 14, 2018.
             The game lasted 00:22:04 (15373 turns).

Gargoyl the Cleaver (Centaur Abyssal Knight)       Turns: 15373, Time: 00:22:04

Health: -6/101     AC: 27    Str: 18    XL:     12   Next: 15%
Magic:  19/19      EV:  8    Int: 11    God:    Lugonu [****..]
Gold:   907        SH:  2    Dex: 11    Spells: 11/11 levels left

rFire    . . .     SeeInvis +   g - +4 war axe (flame)
rCold    + + .     Gourm    .   (no shield)
rNeg     . . .     Faith    .   h - +2 ring mail {rC+}
rPois    .         Spirit   .   F - +2 hat
rElec    .         Reflect  +   v - +2 cloak
rCorr    .         Harm     .   x - +2 pair of gloves
MR       .....                  e - +4 centaur barding {rC+}
Stlth    ..........             r - +2 amulet of reflection
HPRegen  0.26/turn              q - ring of see invisible
MPRegen  0.16/turn              (no ring)

@: about to teleport, slowed
A: large, hooves 3, deformed body, speed 2, tough skin 3
a: Depart the Abyss, Bend Space, Banish, Corrupt, Renounce Religion


You were on level 2 of the Lair of Beasts.
You worshipped Lugonu.
Lugonu was greatly pleased with you.
You were not hungry.

You visited 2 branches of the dungeon, and saw 13 of its levels.
You visited the Abyss 1 time.
You also visited: Volcano.

You collected 907 gold pieces.

Inventory:

Hand Weapons
 a - a +1 hand axe
 g - a +4 war axe of flaming (weapon)
Missiles
 j - 2 silver javelins (quivered)
Armour
 e - a +4 centaur barding of cold resistance (worn)
 h - a +2 ring mail of cold resistance (worn)
 v - a +2 cloak (worn)
 x - a +2 pair of gloves (worn)
 F - a +2 hat (worn)
Jewellery
 q - a ring of see invisible (left hand)
 r - a +2 amulet of reflection (around neck)
 t - an uncursed ring of ice
 B - an uncursed ring of protection from magic {unknown}
 I - an uncursed amulet of the acrobat {unknown}
Wands
 A - a wand of clouds (5)
 C - a wand of flame (38)
 H - a wand of acid (9)
Scrolls
 k - 2 scrolls of identify
 l - 7 scrolls of teleportation
 o - a scroll of enchant armour
 p - 4 scrolls of remove curse
 s - 9 scrolls of amnesia
 y - a scroll of fear
Potions
 b - 2 potions of brilliance
 d - 3 potions of resistance
 f - 2 potions of ambrosia
 i - a potion of magic {unknown}
 m - 2 potions of curing
 n - a potion of degeneration {unknown}
 u - 3 potions of flight
 w - a potion of lignification {unknown}
 z - 2 potions of haste
 D - a potion of might {unknown}
 E - a potion of heal wounds
 G - a potion of cancellation {unknown}
Comestibles
 c - 19 rations


   Skills:
 + Level 8.0 Fighting
 + Level 11.5 Axes
 + Level 2.2 Throwing
 * Level 7.4 Armour
 + Level 4.1 Dodging
 * Level 9.4 Invocations


You had 11 spell levels left.
You didn't know any spells.
Your spell library contained the following spells:

 Spells                   Type           Power        Failure   Level  Hunger
 Animate Skeleton         Necr           N/A          50%         1    ##.....
 Apportation              Tloc           #.....       50%         1    ##.....
 Confusing Touch          Hex            #.....       50%         1    ##.....
 Magic Dart               Conj           #...         50%         1    ##.....
 Pain                     Necr           #...         50%         1    ##.....
 Summon Small Mammal      Summ           #...         50%         1    ##.....
 Blink                    Tloc           N/A          65%         2    ###....
 Call Imp                 Summ           #.......     65%         2    ###....
 Poisonous Vapours        Pois/Air       #.....       65%         2    ###....
 Slow                     Hex            #.......     65%         2    ###....
 Conjure Flame            Conj/Fire      #.......     86%         3    ####...
 Mephitic Cloud           Conj/Pois/Air  #.......     86%         3    ####...
 Regeneration             Chrm/Necr      #.........   86%         3    ####...
 Vampiric Draining        Necr           #.........   86%         3    ####...
 Animate Dead             Necr           N/A          99%         4    #####..
 Freezing Cloud           Conj/Ice/Air   #.........   100%        6    #######
 Ring of Flames           Chrm/Fire      #.........   100%        7    #######


Dungeon Overview and Level Annotations

Branches:
Dungeon (11/15)            Temple (0/1) D:5            Lair (2/6) D:11
    Orc (0/2) D:10
  Swamp: Lair:2-4    Shoals: Lair:2-4     Snake: Lair:2-4    Spider: Lair:2-4

Altars:
Ashenzari
Fedhas
Ru
Trog
Uskayaw
Vehumet
Wu Jian
The Shining One

Annotations:
Lair:2 Sonja
Abyss:1 Erolcha


Innate Abilities, Weirdness & Mutations

You have hooves in place of feet.
Armour fits poorly on your strangely shaped body.
You cover ground very quickly.
You have extremely tough skin. (AC +3)


Message History

Space warps horribly around you!
Sonja hits you with an uncursed short sword of distortion.
You blink.
You feel sick.
Unknown command.
You feel sick.
Sonja shouts, "Hah!
Missed me again!"
Sonja hits you but does no damage. Space warps horribly around you!
Sonja hits you but does no damage.
You feel strangely unstable. Sonja hits you but does no damage.
You blink.
You feel better. Sonja barely misses you. x2
Sonja hits you but does no damage.
Sonja shouts, "Some dancing partner you are!"
Sonja hits you but does no damage. Space warps horribly around you!
* * * LOW HITPOINT WARNING * * *
Sonja closely misses you. Sonja hits you but does no damage.
Space warps horribly around you!
* * * LOW HITPOINT WARNING * * *
Sonja hits you but does no damage. Space warps horribly around you!
You die...

#.# #..# #.. .##..#
##... ....## #...## #
###.....# ....##.
#........ ..... .....#
..# ...# .....#(#
...#. #..# ..P...#
.... #..# .###.## ....
#@K### .###..##..#.#
##.ยง.#
..###..#..#.####..#.#
..P#.............####
(.P.#...........##
.......##.......##
...(...##........###
#..P##.............###
..####.......###.....#


You could see Sonja.

Vanquished Creatures
  Gastronok (D:10)
  Fannar (D:11)
  4 two-headed ogres
  An unseen horror (D:10)
  An ugly thing (D:11)
  A centaur zombie (D:11)
  Maurice (D:11)
  A spiny frog (Lair:1)
  A rime drake (Lair:1)
  A troll (D:11)
  Prince Ribbit (D:9)
  3 hippogriffs
  5 blink frogs (Lair:1)
  2 wyverns
  7 yaks
  2 wraiths (D:11)
  3 hungry ghosts
  A water moccasin (D:10)
  4 porcupines
  A black bear (D:11)
  2 ice beasts (D:5)
  3 sky beasts
  2 orc warriors
  2 phantoms
  7 ogres
  4 centaurs
  3 crocodiles
  A big kobold (D:9)
  7 bullfrogs
  A water moccasin zombie (D:10)
  A scorpion (D:9)
  3 killer bees (D:11)
  4 howler monkeys (D:8)
  2 bullfrog zombies (D:11)
  4 crimson imps
  4 hounds
  3 quasits
  A centaur skeleton (D:7)
  4 orc priests
  7 orc wizards
  3 bullfrog skeletons
  Crazy Yiuf (D:6)
  5 jellies
  6 iguanas
  6 worker ants
  A killer bee zombie (D:9)
  A hound zombie (D:7)
  A gnoll (D:1)
  13 adders
  A shadow imp (D:6)
  5 oozes (D:8)
  2 worms
  3 dart slugs
  2 leopard geckos
  33 orcs
  4 giant cockroaches
  3 goblins
  11 hobgoblins
  8 jackals
  5 quokkas
  A ball python (D:5)
  3 bats
  A frilled lizard (D:2)
  8 kobolds
  A leopard gecko skeleton (D:5)
  6 rats
  A fungus (Lair:1)
242 creatures vanquished.

Vanquished Creatures (others)
  2 oklob plants (Lair:1)
  An orc warrior (D:8)
  8 fungi (D:11)
  6 plants
17 creatures vanquished.

Grand Total: 259 creatures vanquished

Notes
Turn   | Place    | Note
-------+----------+-------------------------------------------
     0 | Abyss:1  | Gargoyl the Centaur Abyssal Knight began the quest for the
                  | Orb.
     0 | Abyss:1  | Reached XP level 1. HP: 19/19 MP: 2/2
    55 | Abyss:2  | Found a corrupted altar of Lugonu.
    64 | Abyss:2  | Identified a scroll of acquirement
   103 | Abyss:2  | Noticed a thrashing horror
   156 | Abyss:4  | Noticed a large abomination
   189 | Abyss:4  | Noticed an insubstantial wisp
   193 | D:1      | Escaped the Abyss
   325 | D:1      | Reached XP level 2. HP: 26/26 MP: 3/3
   849 | D:1      | Reached skill level 2 in Axes
   856 | D:1      | Reached XP level 3. HP: 27/33 MP: 4/4
  1042 | D:2      | Reached * piety under Lugonu
  1497 | D:2      | Reached XP level 4. HP: 32/40 MP: 5/5
  1841 | D:2      | Found a sacrificial altar of Ru.
  2639 | D:4      | Reached skill level 1 in Dodging
  2729 | D:4      | Reached skill level 3 in Axes
  2729 | D:4      | Reached XP level 5. HP: 44/46 MP: 7/7
  2981 | D:4      | Found a blossoming altar of Fedhas.
  3148 | D:4      | Reached ** piety under Lugonu
  3327 | D:4      | Found a radiant altar of Vehumet.
  3329 | D:4      | Found a shattered altar of Ashenzari.
  3330 | D:4      | Found an ornate altar of the Wu Jian Council.
  3348 | D:4      | Found a glowing golden altar of the Shining One.
  3652 | D:5      | Entered Level 5 of the Dungeon
  3689 | D:5      | Noticed an ogre
  3694 | D:5      | Killed an ogre
  3694 | D:5      | Reached XP level 6. HP: 28/52 MP: 8/8
  3861 | D:5      | Noticed an ice beast
  4010 | D:5      | Killed an ice beast
  4011 | D:5      | Reached skill level 4 in Axes
  4014 | D:5      | Reached XP level 7. HP: 47/59 MP: 9/9
  4118 | D:5      | Found a staircase to the Ecumenical Temple.
  4577 | D:5      | Found a bloodstained altar of Trog.
  5014 | D:6      | Reached skill level 5 in Axes
  5034 | D:6      | Found a hide-covered altar of Uskayaw.
  5146 | D:6      | Found a runed door.
  5497 | D:6      | Noticed Crazy Yiuf
  5503 | D:6      | Killed Crazy Yiuf
  5503 | D:6      | Reached XP level 8. HP: 38/67 MP: 11/11
  5859 | D:7      | Reached skill level 1 in Throwing
  6130 | D:7      | Noticed a hippogriff
  6140 | D:7      | Killed a hippogriff
  6140 | D:7      | Reached skill level 6 in Axes
  6140 | D:7      | Reached skill level 5 in Invocations
  6296 | D:7      | Reached *** piety under Lugonu
  6662 | D:7      | Reached skill level 5 in Fighting
  6867 | D:7      | Reached skill level 5 in Armour
  7147 | D:8      | Reached XP level 9. HP: 12/74 MP: 11/13
  7862 | D:8      | Reached skill level 7 in Axes
  8320 | D:9      | Noticed Erolcha
  8342 | D:9      | Paralysed by Erolcha for 6 turns
  8349 | D:9      | Banished Erolcha
  8349 | D:9      | Reached skill level 8 in Axes
  8857 | D:9      | Reached XP level 10. HP: 54/83 MP: 14/14
  9001 | D:9      | Noticed Prince Ribbit
  9017 | D:9      | Killed Prince Ribbit
  9452 | D:10     | Entered Level 10 of the Dungeon
  9482 | D:10     | Noticed an unseen horror
  9517 | D:10     | Killed an unseen horror
  9605 | D:10     | Reached **** piety under Lugonu
  9699 | D:10     | Reached skill level 9 in Axes
  9780 | D:10     | Found a staircase to the Orcish Mines.
 10528 | D:11     | Noticed a two-headed ogre
 10538 | D:10     | Killed a two-headed ogre
 10711 | D:11     | Noticed Gastronok
 10820 | D:10     | Killed Gastronok
 10820 | D:10     | Reached skill level 10 in Axes
 10820 | D:10     | Reached XP level 11. HP: 33/92 MP: 15/17
 11077 | D:11     | Got an ancient chain mail
 11088 | D:11     | Identified the +6 chain mail "Wirghim" {Int+6} (You found
                  | it on level 11 of the Dungeon)
 11162 | D:11     | Noticed Fannar
 11215 | D:11     | Killed Fannar
 11223 | D:11     | Noticed a white ugly thing
 11481 | D:11     | Killed a white ugly thing
 12069 | D:11     | Noticed a two-headed ogre
 12081 | D:11     | Killed a two-headed ogre
 12245 | D:11     | Found a staircase to the Lair.
 12283 | D:11     | Noticed Maurice
 12304 | D:11     | Killed Maurice
 12736 | D:11     | Noticed a two-headed ogre
 12749 | D:11     | Killed a two-headed ogre
 12940 | D:11     | Noticed a four-headed hydra
 12942 | D:11     | Banished a four-headed hydra
 12971 | D:11     | Noticed a two-headed ogre
 12996 | D:11     | Killed a two-headed ogre
 12996 | D:11     | Reached skill level 11 in Axes
 13274 | Lair:1   | Entered Level 1 of the Lair of Beasts
 13275 | Lair:1   | Noticed an oklob plant
 13374 | Lair:1   | Found a dark tunnel.
 13404 | Volcano  | Entered a volcano
 14049 | Lair:1   | Reached XP level 12. HP: 97/101 MP: 18/18
 15365 | Lair:2   | Noticed Sonja
 15373 | Lair:2   | Mangled by Sonja

Skill      XL: |  1  2  3  4  5  6  7  8  9 10 11 12 |
---------------+-------------------------------------+-----
Axes           | 2 3 4 5 6 8 10 11 | 11.5
Armour         | 2 3 4 5 6 7 |  7.4
Dodging        | 1 2 3 4 |  4.1
Invocations    | 3 4 5 6 8 9 |  9.4
Fighting       | 4 5 7 8 |  8.0
Throwing       | 1 2 |  2.2

Action                   |  1- 3 |  4- 6 |  7- 9 | 10-12 || total
-------------------------+-------+-------+-------+-------++-------
Melee: War axe           |    85 |   115 |   295 |   461 ||   956
       Kick              |    14 |    19 |    69 |   131 ||   233
Throw: Javelin           |       |     3 |    14 |     8 ||    25
Invok: Depart the Abyss  |     1 |       |       |       ||     1
       Banish            |       |       |     2 |     4 ||     6
       Bend Space        |       |       |       |     1 ||     1
  Use: Scroll            |     8 |     4 |     4 |     6 ||    22
       Potion            |       |       |     2 |     5 ||     7
  Eat: Chunk             |       |     6 |    10 |     7 ||    23
       Ration            |       |       |     2 |     6 ||     8
Armor: Ring mail         |    79 |    85 |   220 |   365 ||   749
Dodge: Dodged            |    43 |    40 |    97 |   189 ||   369
Block: Other             |       |     3 |    23 |    24 ||    50
